 Dungeon Crawl Stone Soup version 0.30-a0-166-g5d06c95188 (webtiles) character file.

Game seed: 2051524109636868441

3408 qw the Cleaver (level 10, -4/64 HPs)
             Began as a Gargoyle Fighter on Sept 28, 2022.
             Slain by a wight
             ... wielding a +0 halberd
              (6 damage)
             ... on level 8 of the Dungeon.
             The game lasted 00:03:40 (9402 turns).

qw the Cleaver (Gargoyle Fighter)                   Turns: 9402, Time: 00:03:40

Health: -4/64      AC: 23    Str: 23    XL:     10   Next: 4%
Magic:  10/10      EV:  6    Int: 10    God:
Gold:   488        SH:  4    Dex:  9    Spells: 9/9 levels left

rFire   . . .      SeeInvis .    Y - +2 broad axe
rCold   . . .      Faith    .    c - +0 buckler
rNeg    + . .      Spirit   .    p - +0 plate armour
rPois   inf        Reflect  .    (no helmet)
rElec   +          Harm     .    b - +1 cloak
rCorr   +          Rampage  .    (no gloves)
Will    .....                    l - +0 pair of boots
Stlth   ..........               i - amulet of the acrobat
HPRegen 0.20/turn                e - ring of resist corrosion
MPRegen 0.12/turn                (no ring)

@: no status effects
A: sickness immunity, AC +7, negative energy resistance 1, electricity
resistance, torment resistance 1, petrification resistance
a: no special abilities


You were on level 8 of the Dungeon.
You visited 2 branches of the dungeon, and saw 9 of its levels.
You also visited: Ossuary.

You collected 488 gold pieces.


Innate Abilities, Weirdness & Mutations

You are immune to sickness and miasma.
Your stone body is resilient. (AC +7)
You are immune to poison.
You resist negative energy. (rN+)
You are resistant to electric shocks. (rElec)
You are resistant to unholy torment.
You are immune to petrification.


   Skills:
 - Level 7.7 Fighting
 - Level 10.0 Axes
 - Level 1.3 Throwing
 + Level 5.9 Armour
 - Level 1.8 Dodging
 - Level 4.5 Shields


You had 9 spell levels left.
You didn't know any spells.
Your spell library was empty.

Inventory:

Hand Weapons
 s - the +6 shillelagh "Devastator" {shatter}
   (You found it on level 7 of the Dungeon)

   It releases a powerful concussive burst when it strikes, dealing extra damage
   to the target and all other foes adjacent to them.
 Y - a +2 broad axe (weapon)
Missiles
 r - 2 boomerangs (quivered)
Armour
 b - a +1 cloak (worn)
 c - a +0 buckler (worn)
 l - a +0 pair of boots (worn)
 p - a +0 plate armour (worn)
Jewellery
 e - a ring of resist corrosion (left hand)
 i - an amulet of the acrobat (around neck)
Scrolls
 h - a scroll of identify
Potions
 a - 2 potions of attraction
 d - 3 potions of might
 f - 2 potions of haste
 k - a potion of mutation
 m - 3 potions of curing
 n - 2 potions of resistance
 o - a potion of cancellation {unknown}
 q - a potion of lignification {unknown}

Dungeon Overview and Level Annotations

Branches:
Dungeon (8/15)             Temple (1/1) D:5         Ossuary (visited)
   Lair: D:8-11

Altars:
Ashenzari
Cheibriados
Dithmenos
Elyvilon
Fedhas
Gozag
Hepliaklqana
Kikubaaqudgha
Nemelex Xobeh
Qazlal
Ru
Sif Muna
Trog
Uskayaw
Vehumet
Wu Jian
Yredelemnul
Zin
The Shining One

Shops:
D:3 :   D:8 *

Annotations:
D:6 1 runed translucent door, Crazy Yiuf


Message History

You block the wight's attack.
The wight hits you from afar with a +0 halberd!
The wight hits you but does no damage.
You barely miss the wight.
The wight is severely damaged.
The wight completely misses you. You block the wight's attack.
The wight hits you but does no damage.
You hit the wight but do no damage.
The wight is severely damaged.
The wight hits you but does no damage.
The wight hits you from afar with a +0 halberd.
The wight hits you but does no damage.
You closely miss the wight.
The wight is heavily damaged.
The wight hits you but does no damage.
A wight comes into view. It is wielding a +4 falchion.
You block the wight's attack.
You slash the wight!
You destroy the wight!
The wight hits you but does no damage. The wight misses you.
The wight closely misses you. The wight hits you but does no damage.
Things that are here:
a +5 flail; a +0 robe You barely miss the wight.
The wight hits you with a +0 hand axe!
The wight hits you but does no damage. x2
The wight closely misses you.
The wight hits you but does no damage. x2
You hit the wight.
The wight is lightly damaged.
The wight closely misses you. The wight hits you but does no damage.
You block the wight's attack.
You slash the wight!
The wight is severely damaged.
The wight closely misses you. The wight hits you but does no damage.
The wight hits you from afar with a +0 halberd!
You slash the wight!
You destroy the wight!
The wight hits you but does no damage.
The wight hits you from afar with a +0 halberd.
You die...

# ######
#.##+###......
#.#...........
#............\
#.............
#....)))......
#....@.#######
#..zz........#
#...z.####.###
............<..#
.....#.#######.#
.....#. #.# ....
#. #.# ##.. ##
#.# #.#


You could see 3 wights.

Vanquished Creatures
  Eustachio (D:6)
  Menkaure (Ossuary)
  An ice beast (D:5)
  2 orc warriors
  4 black bears
  2 sky beasts (D:7)
  3 ogres
  3 phantoms
  6 scorpions
  A necrophage (D:5)
  10 wights
  A howler monkey (D:6)
  A lava snake (D:7)
  4 jellies
  2 orc priests
  4 hounds
  A gnoll bouda (D:7)
  5 iguanas
  3 orc wizards
  Natasha (twice) (D:3)
  3 mummies (Ossuary)
  9 adders
  A shadow imp (D:7)
  2 white imps
  An ufetubus (D:5)
  3 worms (D:3)
  2 dart slugs
  22 orcs
  10 endoplasms
  3 giant cockroaches
  4 gnoll zombies (Ossuary)
  10 goblins
  10 hobgoblins
  10 kobolds
  9 quokkas
  4 ball pythons
  8 bats
  3 frilled lizards
  8 gnoll skeletons (Ossuary)
  3 goblin skeletons (Ossuary)
  5 goblin zombies (Ossuary)
  3 hobgoblin skeletons (Ossuary)
  4 hobgoblin zombies (Ossuary)
  7 kobold skeletons (Ossuary)
  5 kobold zombies (Ossuary)
  3 orc skeletons (Ossuary)
  3 orc zombies (Ossuary)
  9 rats
  A rat skeleton (Ossuary)
  4 rat zombies (Ossuary)
226 creatures vanquished.

Vanquished Creatures (others)
  An orc (D:5)
  A butterfly (D:5)
  A plant (D:1)
3 creatures vanquished.

Grand Total: 229 creatures vanquished

Notes
Turn   | Place    | Note
-------+----------+-------------------------------------------
     0 | D:1      | qw the Gargoyle Fighter began the quest for the Orb.
     0 | D:1      | Reached XP level 1. HP: 14/14 MP: 1/1
     0 | D:1      | 0 ||| qw: Version: 0.2-a-12-gaebbb33
     0 | D:1      | 0 ||| qw: Game counter: 1014
     0 | D:1      | 0 ||| qw: Always use a shield: true
     0 | D:1      | 0 ||| qw: God list: Okawaru
     0 | D:1      | 0 ||| qw: Allow faded altars: false
     0 | D:1      | 0 ||| qw: Do Orc after D:15 true
     0 | D:1      | 0 ||| qw: Do second Lair branch before Depths: true
     0 | D:1      | 0 ||| qw: Lair rune preference: random
     0 | D:1      | 0 ||| qw: Plans: Normal, Zot:1-4, God:TSO, Crypt, Tomb,
                  | Pan, Slime:5, Hells, Abyss, Orb
     0 | D:1      | 0 ||| PLANNING D:1-11
   121 | D:1      | Reached skill level 2 in Axes
   185 | D:1      | Reached XP level 2. HP: 19/19 MP: 2/2
   211 | D:1      | 211 ||| DROPPING +0 club.
   251 | D:1      | 251 ||| Stepping ~*~*~tactically~*~*~ (stealth).
   305 | D:1      | Found a faded altar of an unknown god.
   464 | D:1      | 464 ||| Stepping ~*~*~tactically~*~*~ (stealth).
   466 | D:1      | 466 ||| Stepping ~*~*~tactically~*~*~ (stealth).
   469 | D:1      | 469 ||| Stepping ~*~*~tactically~*~*~ (stealth).
   483 | D:1      | Reached skill level 3 in Axes
   713 | D:1      | 713 ||| Stepping ~*~*~tactically~*~*~ (stealth).
   717 | D:1      | 717 ||| Stepping ~*~*~tactically~*~*~ (stealth).
   730 | D:1      | Reached XP level 3. HP: 19/23 MP: 3/3
   740 | D:1      | 740 ||| Stepping ~*~*~tactically~*~*~ (stealth).
   830 | D:1      | 830 ||| UPGRADING to +0 chain mail.
   840 | D:1      | 840 ||| DROPPING +0 scale mail.
   841 | D:1      | 841 ||| READING scroll labelled MAUTET ZUIF.
   842 | D:1      | 842 ||| READING scroll labelled DESYISMINGU.
   843 | D:1      | 843 ||| READING scroll labelled SEIWY JICYO.
  1330 | D:2      | 1330 ||| Stepping ~*~*~tactically~*~*~ (stealth).
  1342 | D:2      | Reached XP level 4. HP: 19/28 MP: 4/4
  1582 | D:2      | Reached skill level 4 in Axes
  1904 | D:2      | 1904 ||| UPGRADING to +0 pair of boots.
  1909 | D:2      | 1909 ||| READING scroll labelled PYAWY WUCAZEIR.
  1910 | D:2      | 1910 ||| READING 2 scrolls labelled FIUTHR ZAHELO.
  1911 | D:2      | 1911 ||| READING scroll labelled HALAKKOUMA.
  1912 | D:2      | 1912 ||| READING scroll labelled YTIETU JAN.
  1913 | D:2      | 1913 ||| READING scroll labelled LIGUDUNKIU.
  1917 | D:2      | 1917 ||| DRINKING 3 viscous sapphire potions.
  1918 | D:2      | 1918 ||| DRINKING 2 sedimented ruby potions.
  1919 | D:2      | 1919 ||| READING 3 scrolls of identify.
  1919 | D:2      | 1919 ||| IDENTIFYING bubbling silvery potion
  1920 | D:2      | 1920 ||| DROPPING 2 potions of flight.
  1921 | D:2      | 1921 ||| DROPPING scroll of fear.
  2114 | D:3      | Noticed Natasha
  2120 | D:3      | Killed Natasha
  2121 | D:3      | Reached XP level 5. HP: 21/32 MP: 5/5
  2235 | D:3      | 2235 ||| Stepping ~*~*~tactically~*~*~ (stealth).
  2609 | D:3      | Found Xofup's Book Emporium.
  3050 | D:3      | Reached skill level 5 in Axes
  3163 | D:3      | Noticed Natasha
  3164 | D:3      | 3164 ||| Stepping ~*~*~tactically~*~*~ (stealth).
  3171 | D:3      | Killed Natasha
  3471 | D:3      | 3471 ||| UPGRADING to amulet of the acrobat.
  3476 | D:3      | 3476 ||| READING scroll labelled RAMETU RUNUOMU.
  3477 | D:3      | 3477 ||| READING 3 scrolls of identify.
  3477 | D:3      | 3477 ||| IDENTIFYING inky potion
  3498 | D:4      | Found a sand-covered staircase.
  3499 | D:4      | 3499 ||| PLANNING OSSUARY
  3499 | D:4      | 3499 ||| STAIRDANCE
  3508 | D:4      | 3508 ||| READING 2 scrolls of identify.
  3508 | D:4      | 3508 ||| IDENTIFYING pink potion
  3509 | D:4      | 3509 ||| DROPPING potion of degeneration.
  3511 | Ossuary  | Entered an ossuary
  3766 | Ossuary  | 3766 ||| Stepping ~*~*~tactically~*~*~ (stealth).
  4011 | Ossuary  | Reached XP level 6. HP: 38/38 MP: 6/6
  4075 | Ossuary  | Noticed Menkaure
  4084 | Ossuary  | Killed Menkaure
  4087 | Ossuary  | HP: 8/38 [mummy (7)]
  4088 | Ossuary  | 4088 ||| READING 3 scrolls of teleportation.
  4089 | Ossuary  | 4089 ||| DRINKING potion of heal wounds.
  4092 | Ossuary  | Reached skill level 6 in Axes
  4627 | Ossuary  | 4627 ||| READING scroll labelled ZAVAAG IXYCSYU.
  4628 | Ossuary  | 4628 ||| READING scroll labelled WOUSAROUZOE.
  4629 | Ossuary  | 4629 ||| READING scroll labelled WIHE YBBOYHETRI.
  4630 | Ossuary  | 4630 ||| DRINKING 2 black potions.
  4631 | Ossuary  | 4631 ||| DRINKING 2 glowing cyan potions.
  4632 | Ossuary  | 4632 ||| DROPPING potion of invisibility.
  4637 | D:4      | 4637 ||| PLANNING D:1-11
  4644 | D:4      | 4644 ||| Stepping ~*~*~tactically~*~*~ (stealth).
  4646 | D:4      | 4646 ||| Stepping ~*~*~tactically~*~*~ (stealth).
  4647 | D:4      | 4647 ||| Stepping ~*~*~tactically~*~*~ (stealth).
  4728 | D:4      | Reached skill level 1 in Dodging
  4728 | D:4      | Reached XP level 7. HP: 41/43 MP: 7/7
  5103 | D:4      | Reached skill level 7 in Axes
  5298 | D:4      | 5298 ||| Stepping ~*~*~tactically~*~*~ (stealth).
  5299 | D:4      | 5299 ||| Stepping ~*~*~tactically~*~*~ (stealth).
  5300 | D:4      | 5300 ||| Stepping ~*~*~tactically~*~*~ (stealth).
  5301 | D:4      | 5301 ||| Stepping ~*~*~tactically~*~*~ (stealth).
  5442 | D:4      | 5442 ||| DROPPING +0 whip.
  5450 | D:4      | Found an opulent altar of Gozag.
  5479 | D:4      | Found an ornate altar of the Wu Jian Council.
  5480 | D:4      | Found a broken altar of Ashenzari.
  5480 | D:4      | Found a sacrificial altar of Ru.
  5488 | D:4      | 5488 ||| READING 2 scrolls of identify.
  5488 | D:4      | 5488 ||| IDENTIFYING bubbling dark potion
  5509 | D:5      | Entered Level 5 of the Dungeon
  5564 | D:5      | Reached XP level 8. HP: 49/49 MP: 8/8
  5574 | D:5      | HP: 10/49 [black bear (5)]
  5575 | D:5      | 5575 ||| READING 2 scrolls of teleportation.
  5576 | D:5      | 5576 ||| DRINKING potion of heal wounds.
  5880 | D:5      | 5880 ||| FLEEEEING.
  5881 | D:5      | 5881 ||| FLEEEEING.
  5895 | D:5      | Reached skill level 8 in Axes
  5945 | D:5      | 5945 ||| FLEEEEING.
  6013 | D:5      | Reached skill level 6 in Fighting
  6079 | D:5      | 6079 ||| Stepping ~*~*~tactically~*~*~ (stealth).
  6204 | D:5      | Found a white marble altar of Elyvilon.
  6310 | D:5      | Found a staircase to the Ecumenical Temple.
  6311 | D:5      | 6311 ||| PLANNING TEMPLE
  6311 | D:5      | 6311 ||| UPGRADING to ring of resist corrosion.
  6312 | D:5      | 6312 ||| DRINKING 2 lumpy puce potions.
  6313 | D:5      | 6313 ||| READING 2 scrolls of identify.
  6313 | D:5      | 6313 ||| IDENTIFYING fizzy red potion
  6314 | D:5      | 6314 ||| DROPPING potion of brilliance.
  6323 | Temple   | Entered the Ecumenical Temple
  6477 | Temple   | 6477 ||| PLANNING D:1-11
  6635 | D:5      | 6635 ||| SWAPPING to +0 broad axe.
  6636 | D:5      | 6636 ||| DROPPING +1 war axe.
  6662 | D:6      | 6662 ||| STAIRDANCE
  6680 | D:6      | 6680 ||| STAIRDANCE
  6816 | D:6      | 6816 ||| Stepping ~*~*~tactically~*~*~ (stealth).
  6823 | D:6      | 6823 ||| Stepping ~*~*~tactically~*~*~ (stealth).
  6825 | D:6      | 6825 ||| Stepping ~*~*~tactically~*~*~ (stealth).
  6835 | D:6      | Reached XP level 9. HP: 52/55 MP: 9/9
  6861 | D:6      | Reached skill level 9 in Axes
  6973 | D:6      | 6973 ||| Stepping ~*~*~tactically~*~*~ (stealth).
  6975 | D:6      | 6975 ||| Stepping ~*~*~tactically~*~*~ (hiding).
  6998 | D:6      | Noticed Eustachio
  7014 | D:6      | Killed Eustachio
  7095 | D:6      | 7095 ||| Stepping ~*~*~tactically~*~*~ (stealth).
  7097 | D:6      | 7097 ||| Stepping ~*~*~tactically~*~*~ (stealth).
  7100 | D:6      | 7100 ||| Stepping ~*~*~tactically~*~*~ (stealth).
  7104 | D:6      | 7104 ||| Stepping ~*~*~tactically~*~*~ (stealth).
  7108 | D:6      | 7108 ||| Stepping ~*~*~tactically~*~*~ (stealth).
  7223 | D:6      | Found a runed translucent door.
  7224 | D:6      | Noticed Crazy Yiuf
  7464 | D:6      | Found a glowing silver altar of Zin.
  7635 | D:6      | 7635 ||| READING scroll labelled BUIRIO PEDWOAR.
  7674 | D:7      | 7674 ||| Stepping ~*~*~tactically~*~*~ (hiding).
  7688 | D:7      | HP: 13/57 [orc warrior/+0 glaive (13)]
  7689 | D:7      | 7689 ||| READING 4 scrolls of teleportation.
  7689 | D:7      | HP: 6/57 [orc warrior/+0 glaive (5)]
  7691 | D:7      | Found the +6 shillelagh "Devastator" {shatter}
  7911 | D:7      | 7911 ||| Stepping ~*~*~tactically~*~*~ (hiding).
  7912 | D:7      | 7912 ||| Stepping ~*~*~tactically~*~*~ (hiding).
  7929 | D:7      | HP: 9/57 [orc warrior/+0 glaive (6)]
  7930 | D:7      | 7930 ||| READING 3 scrolls of teleportation.
  8156 | D:7      | 8156 ||| Stepping ~*~*~tactically~*~*~ (stealth).
  8165 | D:7      | 8165 ||| Stepping ~*~*~tactically~*~*~ (stealth).
  8166 | D:7      | 8166 ||| Stepping ~*~*~tactically~*~*~ (stealth).
  8169 | D:7      | 8169 ||| Stepping ~*~*~tactically~*~*~ (stealth).
  8173 | D:7      | 8173 ||| Stepping ~*~*~tactically~*~*~ (stealth).
  8174 | D:7      | 8174 ||| Stepping ~*~*~tactically~*~*~ (stealth).
  8206 | D:7      | 8206 ||| Stepping ~*~*~tactically~*~*~ (stealth).
  8208 | D:7      | 8208 ||| Stepping ~*~*~tactically~*~*~ (hiding).
  8220 | D:7      | HP: 10/57 [orc warrior/+0 glaive (12)]
  8221 | D:7      | 8221 ||| READING 2 scrolls of teleportation.
  8224 | D:7      | Reached skill level 1 in Throwing
  8224 | D:7      | 8224 ||| READING scroll of teleportation.
  8225 | D:7      | 8225 ||| Stepping ~*~*~tactically~*~*~ (water).
  8232 | D:7      | HP: 11/57 [orc/+0 club (1)]
  8501 | D:7      | 8501 ||| DROPPING +0 flail.
  8525 | D:7      | 8525 ||| READING 2 scrolls of enchant weapon.
  8525 | D:7      | 8525 ||| ENCHANTING +0 broad axe.
  8526 | D:7      | 8526 ||| READING scroll of enchant weapon.
  8526 | D:7      | 8526 ||| ENCHANTING +1 broad axe.
  8591 | D:7      | 8591 ||| Stepping ~*~*~tactically~*~*~ (stealth).
  8595 | D:7      | 8595 ||| Stepping ~*~*~tactically~*~*~ (stealth).
  8640 | D:7      | 8640 ||| Stepping ~*~*~tactically~*~*~ (stealth).
  8690 | D:7      | Reached skill level 10 in Axes
  9054 | D:7      | 9054 ||| Stepping ~*~*~tactically~*~*~ (hiding).
  9225 | D:7      | 9225 ||| UPGRADING to +1 cloak.
  9230 | D:7      | 9230 ||| DROPPING scarf of invisibility.
  9231 | D:7      | 9231 ||| UPGRADING to +0 plate armour.
  9241 | D:7      | 9241 ||| DROPPING +0 chain mail.
  9384 | D:8      | Found Siakibb's Assorted Antiques.
  9392 | D:8      | Reached XP level 10. HP: 30/64 MP: 10/10
  9399 | D:8      | HP: 10/64 [wight/+0 hand axe (8)]
  9401 | D:8      | HP: 2/64 [wight/+0 halberd (9)]
  9402 | D:8      | Slain by a wight

Levels and vault maps discovered:
D:1:      lightli_arrival_noodles, layout_rooms, basic_ecumenical_altar,
          serial_forest, infiniplex_forest_clump_C,
          infiniplex_forest_lined_corner, infiniplex_forest_clump_long,
          infiniplex_forest_clump_double, infiniplex_forest_lined_3,
          infiniplex_forest_clump_diagonal, infiniplex_forest_corner_1,
          infiniplex_forest_corner_1, infiniplex_forest_clump_medium,
          st_stairs_5
D:2:      minmay_recursive_quarters, layout_basic, nrook_mini_backslash
D:3:      minmay_diamond_boxcup, layout_basic, serial_shops, shop,
          grunt_ministairs_10, uniq_natasha
D:4:      layout_basic, chequers_temple_overflow_statue_of_worship,
          nicolae_ossuary_entry_ruins, minmay_misc_feat_enclosed
D:5:      layout_rooms, nicolae_elyvilon_peaceful_grove,
          lemuel_temple_firewalk_b
D:6:      layout_rooms, nicolae_overflow_hidden_temple, uniq_eustachio,
          uniq_crazy_yiuf_cottage
D:7:      layout_basic, kennysheep_generic_room_9
D:8:      layout_basic, overflow_temple_1_default, serial_shops, shop,
          special_room [special_room_orc]
Temple:   nicolae_temple_bog_church

Skill      XL: |  1  2  3  4  5  6  7  8  9 |
---------------+----------------------------+-----
Axes           | 2 3 4 5 6 7 8 10 | 10.0
Fighting       | 4 5 6 7 |  7.7
Dodging        | 1 |  1.8
Armour         | 4 5 |  5.9
Shields        | 4 |  4.5
Throwing       | 1 |  1.3

Action                   |  1- 3 |  4- 6 |  7- 9 | 10-12 || total
-------------------------+-------+-------+-------+-------++-------
Melee: War axe           |   111 |   296 |   158 |       ||   565
       Broad axe         |       |       |   202 |    10 ||   212
Throw: Boomerang         |       |       |     9 |       ||     9
  Use: Scroll            |     3 |    13 |    10 |       ||    26
       Potion            |       |     5 |     2 |       ||     7
Armor: Scale mail        |    40 |       |       |       ||    40
       Chain mail        |    31 |   113 |   226 |       ||   370
       Plate armour      |       |       |    18 |    16 ||    34
Dodge: Dodged            |    52 |    76 |   146 |     6 ||   280
Block: Buckler           |    20 |    31 |    80 |     5 ||   136

Table legend:
 A = Non-vault XP
 B = Vault XP
 C = Vault XP percentage of total XP
 D = Non-vault monster count
 E = Vault monster count
 F = Vault count percentage of total count
                 A         B        C        D         E       F
            +---------+---------+-------+---------+---------+-------
      Total |    4338 |     609 |  12.3 |     150 |      76 |  33.6
            +---------+---------+-------+---------+---------+-------
        D:1 |      31 |       7 |  18.4 |      19 |       4 |  17.4
        D:2 |      42 |      22 |  34.4 |      20 |       6 |  23.1
        D:3 |     112 |      67 |  37.4 |      20 |      10 |  33.3
        D:4 |     519 |       0 |   0.0 |      24 |       0 |   0.0
        D:5 |    1146 |       0 |   0.0 |      20 |       0 |   0.0
        D:6 |     854 |     196 |  18.7 |      18 |       1 |   5.3
        D:7 |    1258 |      37 |   2.9 |      24 |       1 |   4.0
        D:8 |     376 |       0 |   0.0 |       5 |       0 |   0.0
    Ossuary |       0 |     280 | 100.0 |       0 |      54 | 100.0
            +---------+---------+-------+---------+---------+-------
